Map: Triton LE

Players

Mosdef

  • Race: Terran Terran
  • League: Grandmaster
  • Spawn Location: 5:00

Bioice - Winner!

  • Race: Zerg Zerg
  • League: Grandmaster
  • Spawn Location: 11:00

VOD

Have the link to the VOD?

Description

Time

  • Played on: Oct. 7, 2019, 9:04 p.m.
  • Length: 11:51
Show
View Real Time Build Order
Export as new Build Order

Mosdef Terran 

Build Orders: Reaper Expand, Hellion Banshee 

Get SALT Encoding   

  12  0:00  SCV  
  13  0:12  SCV  
  14  0:17  Supply Depot  
  14  0:25  SCV  
  15  0:39  SCV  
  15  0:40  Barracks  
  16  0:44  Refinery  
  16  0:51  SCV  
  17  1:03  SCV  
  18  1:18  SCV  
  19  1:28  Reaper  
  19  1:30  Orbital Command  
  20  1:40  Command Center  
  20  1:50  Supply Depot  
  20  1:56  SCV  
  20  2:00  Marine  
  22  2:05  Factory  
  22  2:09  SCV  
  22  2:13  Refinery  
  23  2:21  SCV  
  24  2:23  Barracks Reactor  
  24  2:33  SCV  
  25  2:45  SCV  
  26  2:52  Orbital Command  
  26  2:54  Starport  
  26  2:57  SCV  
  27  3:04  Hellion x2  
  31  3:09  SCV, Barracks Tech Lab  
  31  3:10  Supply Depot  
  32  3:18  SCV  
  33  3:21  SCV  
  33  3:26  Hellion x2  
  38  3:30  SCV  
  38  3:33  SCV  
  40  3:34  Barracks Tech Lab  
  40  3:39  Banshee  
  43  3:42  SCV  
  43  3:45  SCV  
  43  3:47  Hellion  
  49  3:48  Hellion  
  49  3:51  Supply Depot  
  49  3:54  SCV  
  50  3:57  SCV  
  50  3:59  Marine, Stimpack  
  52  4:06  SCV  
  54  4:10  SCV  
  54  4:11  Supply Depot  
  54  4:17  Marine  
  54  4:18  SCV  
  54  4:21  Factory Reactor  
  54  4:22  SCV  
  57  4:31  SCV  
  61  4:34  SCV  
  61  4:35  Command Center  
  61  4:37  Command Center  
  59  4:41  Starport Reactor  
  59  4:43  Barracks, SCV  
  60  4:46  SCV, Barracks  
  60  4:51  Engineering Bay  
  60  4:52  Engineering Bay  
  58  4:55  SCV  
  58  4:57  Marine  
  58  4:58  SCV  
  59  5:04  Refinery  
  59  5:05  Refinery  
  59  5:07  SCV  
  59  5:10  SCV  
  59  5:11  Supply Depot  
  61  5:15  Marine  
  61  5:19  SCV, Terran Infantry Armor Level 1, Terran Infantry Weapons Level 1  
  61  5:20  Siege Tank  
  66  5:22  SCV  
  67  5:30  Marine x2  
  67  5:31  SCV  
  67  5:34  SCV  
  71  5:36  Supply Depot  
  71  5:37  Marine  
  71  5:38  Combat Shield  
  72  5:43  SCV  
  72  5:44  Marine x2  
  72  5:46  SCV  
  72  5:48  Marine, Orbital Command  
  72  5:49  Barracks  
  77  5:50  Barracks  
  77  5:54  Siege Tank, Medivac  
  82  5:57  Medivac  
  82  5:58  SCV  
  82  6:00  SCV  
  82  6:03  Marine x3  
  89  6:08  Marine  
  89  6:10  SCV  
  91  6:13  SCV  
  91  6:15  Orbital Command  
  92  6:20  Supply Depot x2  
  92  6:22  SCV  
  92  6:23  Supply Depot  
  92  6:25  SCV  
  94  6:26  Marine x3  
  94  6:27  Siege Tank  
  98  6:35  Marine x2, SCV  
  98  6:37  Barracks Reactor x2  
  101  6:41  SCV x2  
  104  6:47  SCV  
  104  6:50  Supply Depot, Armory  
  104  6:52  Supply Depot x2  
  104  6:53  SCV  
  105  6:59  Siege Tank  
  97  7:02  Marine x2  
  97  7:03  Marine x2  
  97  7:04  SCV  
  91  7:09  Marine, Barracks x2  
  91  7:12  Barracks  
  91  7:15  Marine  
  91  7:16  Marine x3  
  91  7:17  Medivac  
  91  7:18  SCV  
  91  7:20  Marine x3, SCV  
  91  7:21  SCV  
  96  7:26  Marine x2  
  95  7:30  SCV  
  95  7:32  SCV  
  95  7:33  Marine x2  
  95  7:34  Marine  
  95  7:35  Marine  
  94  7:38  Marine x3  
  94  7:43  SCV x2  
  94  7:44  Marine x2  
  97  7:50  Siege Tank  
  97  7:51  Marine x2, Medivac x2  
  102  7:52  Marine  
  102  7:53  SCV  
  102  7:55  SCV  
  109  8:00  Supply Depot  
  109  8:05  Marine x9  
  100  8:08  Supply Depot  
  100  8:09  Marine x2  
  100  8:10  Marine  
  107  8:22  Siege Tank  
  107  8:23  Marine x9  
  107  8:27  Marine x2, Medivac x2  
  121  8:30  Supply Depot  
  121  8:32  Marine, Supply Depot  
  126  8:41  Marine x7  
  127  8:42  Marine  
  127  8:43  Marine  
  127  8:44  Marine  
  127  8:45  Marine  
  137  8:49  Marine  
  126  8:58  Marine  
  126  9:01  Marine  
  126  9:02  Marine  
  122  9:04  Marine  
  122  9:05  Marine x2  
  122  9:06  Marine x5  
  122  9:07  Marine  
  123  9:16  Marine  
  124  9:19  Marine  
  124  9:20  Marine, Siege Tank, Medivac  
  124  9:21  Medivac  
  124  9:22  Marine x2  
  124  9:23  Marine  
  124  9:24  Marine x5  
  139  9:25  Marine  
  142  9:34  Marine  
  142  9:37  Marine  
  142  9:38  Marine  
  105  9:39  Marine  
  105  9:40  Marine  
  105  9:41  Marine x6  
  105  9:43  Marine  
  113  9:52  Marine  
  108  9:55  Marine, Siege Tank  
  108  9:56  Marine  
  108  9:57  Marine  
  108  9:58  Marine  
  108  9:59  Marine x6, Medivac  
  123  10:00  Medivac  
  123  10:02  Marine  
  126  10:10  Marine  
  126  10:12  Marine  
  126  10:14  Marine  
  115  10:20  Marine x2  
  116  10:21  Marine  
  116  10:22  Marine x6  
  116  10:28  Marine  
  122  10:30  Marine  
  122  10:31  Marine, Siege Tank  
  127  10:37  Marine  
  127  10:38  Marine  
  127  10:39  Marine x3  
  132  10:44  Marine x4  
  132  10:45  Marine  
  132  10:48  Marine  
  132  10:49  Marine  
  139  10:51  Supply Depot  
  139  10:55  Marine  
  139  10:56  Marine  
  141  10:57  Marine  
  141  10:59  Marine  
  141  11:00  Marine  
  141  11:01  Medivac  
  141  11:02  Medivac  
  141  11:03  Siege Tank  
  146  11:14  Marine  
  119  11:19  Marine x3  
  119  11:24  Marine x2  
  117  11:28  Marine x2  
  117  11:29  Marine x3  
  117  11:30  Marine  
  117  11:32  Marine  
Show
View Real Time Build Order
Export as new Build Order

Bioice Zerg - Winner!

Build Orders: Hatch First 

Get SALT Encoding   

  12  0:00  Drone  
  13  0:13  Overlord  
  13  0:16  Drone  
  14  0:31  Drone x2  
  16  0:48  Hatchery  
  15  0:53  Drone  
  15  0:56  Drone  
  17  1:00  Drone  
  18  1:08  Extractor  
  17  1:15  Spawning Pool  
  17  1:18  Drone  
  17  1:21  Drone  
  18  1:29  Drone  
  19  1:40  Drone  
  20  1:51  Drone  
  21  2:02  Queen x2  
  21  2:03  Zergling x4  
  27  2:19  Overlord  
  27  2:22  Hatchery  
  26  2:30  Drone  
  26  2:31  Drone  
  26  2:32  Metabolic Boost  
  27  2:48  Drone x4  
  27  2:49  Queen  
  33  2:55  Overlord  
  33  3:01  Queen  
  35  3:07  Overlord  
  35  3:19  Drone x5  
  40  3:20  Drone  
  40  3:25  Drone  
  42  3:28  Queen  
  44  3:34  Queen  
  44  3:39  Overlord  
  46  3:43  Queen  
  48  3:56  Drone x4  
  48  4:00  Overlord  
  48  4:01  Drone  
  53  4:04  Queen, Drone  
  53  4:05  Overlord  
  56  4:12  Drone  
  56  4:13  Drone x3  
  56  4:14  Zergling x2  
  56  4:15  Zergling x2  
  62  4:22  Extractor  
  61  4:25  Drone x2  
  61  4:28  Drone  
  61  4:29  Evolution Chamber x2, Drone  
  61  4:31  Zergling x4  
  65  4:33  Overlord  
  65  4:35  Drone  
  65  4:37  Drone  
  67  4:41  Spore Crawler  
  67  4:42  Spore Crawler  
  65  4:47  Spore Crawler  
  65  4:50  Drone x2  
  66  4:53  Spore Crawler  
  65  5:01  Drone x8  
  73  5:09  Drone x4  
  73  5:10  Drone  
  73  5:12  Zerg Melee Weapons Level 1  
  78  5:14  Zerg Ground Armor Level 1  
  78  5:17  Drone x2  
  78  5:18  Drone  
  81  5:23  Overlord  
  81  5:24  Drone  
  81  5:27  Overlord x2, Extractor  
  81  5:29  Extractor  
  81  5:33  Drone x2  
  82  5:41  Hatchery  
  81  5:50  Zergling x6  
  81  5:51  Zergling x18  
  93  6:00  Hatchery  
  93  6:02  Zergling x6  
  95  6:10  Hatchery  
  95  6:22  Zergling x12  
  95  6:23  Zergling x6  
  104  6:27  Overlord  
  104  6:28  Lair  
  104  6:30  Baneling Nest  
  103  6:32  Overlord  
  103  6:34  Drone  
  103  6:38  Drone  
  105  6:47  Zergling x4  
  105  6:53  Zergling x18  
  105  7:05  Zergling x2  
  105  7:06  Zergling x6  
  104  7:09  Zergling x2  
  105  7:19  Zergling x2  
  105  7:20  Zergling x20  
  114  7:23  Zergling x2  
  95  7:38  Zergling x10  
  95  7:41  Zerg Melee Weapons Level 2, Zerg Ground Armor Level 2  
  95  7:42  Centrifical Hooks  
  95  7:43  Drone x2  
  98  7:47  Drone  
  98  7:48  Drone x6  
  98  7:49  Drone  
  106  7:54  Drone  
  106  7:55  Drone x2  
  106  8:04  Zergling x6  
  104  8:08  Zergling x2  
  104  8:15  Zergling x36  
  104  8:18  Zergling x6  
  112  8:23  Zergling x2  
  112  8:25  Zergling x2  
  112  8:26  Baneling x10  
  112  8:27  Baneling x2  
  114  8:28  Zergling x6  
  114  8:30  Spire  
  114  8:31  Zergling x2  
  117  8:38  Zergling x8  
  121  8:42  Zergling x6  
  123  8:51  Zergling x22  
  123  8:52  Hatchery  
  123  8:54  Zergling x2  
  124  9:05  Zergling x4  
  124  9:06  Zergling x14  
  125  9:13  Zergling x18  
  125  9:14  Zergling x4  
  127  9:17  Baneling  
  127  9:18  Baneling x19  
  127  9:19  Baneling x7  
  127  9:20  Zergling x8  
  127  9:21  Zergling x2  
  127  9:22  Zergling x2  
  131  9:25  Zergling x4  
  131  9:28  Infestation Pit  
  131  9:29  Zergling x6  
  101  9:52  Corruptor  
  101  9:53  Corruptor x6  
  101  9:55  Zergling x6  
  101  9:56  Baneling x4  
  118  10:00  Zergling x4  
  118  10:03  Zergling x2  
  118  10:04  Baneling x3  
  121  10:09  Zergling x4  
  121  10:14  Zergling x2  
  121  10:20  Zergling x4  
  123  10:26  Zergling x16  
  131  10:30  Overlord x3  
  131  10:31  Baneling x10  
  131  10:33  Baneling x4  
  131  10:37  Overlord  
  131  10:40  Baneling x3  
  131  10:42  Overlord  
  132  10:50  Zergling x34  
  132  10:54  Baneling x5  
  148  10:59  Zergling x10  
  118  11:28  Zergling x2  
  118  11:29  Zergling x16  
  118  11:31  Baneling x6  
  118  11:32  Zergling x28  
  141  11:33  Zergling x2  
  141  11:34  Baneling x5  
Tags
 
Add a new tag
Caveats
  • Supply blocks, unpowered buildings, or Contaminate may cause inaccurate times.
  • Supply counts are checked every 10 seconds.